 Dungeon Crawl Stone Soup version 0.28.0-1-gb440e238dd (webtiles) character file.

Game seed: 18069796793377509567

29 avis the Chopper (level 3, 0/34 HPs)
             Began as a Hill Orc Monk on Feb 20, 2022.
             Splashed by a jelly's acid (5 damage)
             ... on level 2 of the Dungeon.
             The game lasted 00:09:27 (2065 turns).

avis the Chopper (Hill Orc Monk)                    Turns: 2065, Time: 00:09:28

Health: 0/34       AC:  1    Str: 15    XL:     3   Next: 16%
Magic:  3/3        EV: 11    Int: 10    God:
Gold:   86         SH:  0    Dex: 13    Spells: 2/2 levels left

rFire   . . .      SeeInvis .   a - +0 hand axe
rCold   . . .      Faith    .   (no shield)
rNeg    . . .      Spirit   .   i - +0 ring mail
rPois   .          Reflect  .   (no helmet)
rElec   .          Harm     .   (no cloak)
rCorr   .          Rampage  .   (no gloves)
Will    .....                   (no boots)
Stlth   +.........              (no amulet)
HPRegen 0.11/turn               (no ring)
MPRegen 0.08/turn               (no ring)

@: corroded
A: no striking features
a: no special abilities


You were on level 2 of the Dungeon.
You visited 1 branch of the dungeon, and saw 2 of its levels.

You collected 86 gold pieces.

Inventory:

Hand Weapons
 a - a +0 hand axe (weapon)
Missiles
 f - 40 stones (quivered)
Armour
 i - a +0 ring mail (worn)
Jewellery
 g - a ring of flight
Scrolls
 c - a scroll of noise {unknown}
 d - a scroll of vulnerability {unknown}
 h - 2 scrolls of identify {unknown}
 k - a scroll of torment {unknown}
Potions
 b - 2 potions of curing {unknown}
 e - a potion of heal wounds {unknown}
 j - 2 potions of lignification {unknown}


   Skills:
 * Level 4.3 Fighting
 - Level 5.0 Axes
 - Level 2.4 Dodging
 - Level 1.5 Stealth


You had 2 spell levels left.
You didn't know any spells.
Your spell library was empty.

Dungeon Overview and Level Annotations

Branches:
Dungeon (2/15)

Altars:
Kikubaaqudgha

Shops:
D:1 *[


Message History

The dart slug briefly extends its eye-stalks.
The dart slug barely misses you. The jelly closely misses you.
The giant cockroach waves its antennae.
The giant cockroach bites you but does no damage.
The giant cockroach waves its antennae.
The giant cockroach barely misses you.
You hit the giant cockroach.
The giant cockroach is severely wounded.
The giant cockroach closely misses you.
You hit the giant cockroach.
The giant cockroach is almost dead.
The giant cockroach misses you.
You barely miss the giant cockroach.
The giant cockroach is almost dead.
The giant cockroach bites you.
You hit the giant cockroach.
You kill the giant cockroach!
You completely miss the jelly. The jelly closely misses you.
You hit the jelly.
Your hands burn!
The jelly is moderately wounded.
The jelly hits you but does no damage.
You barely miss the jelly.
The jelly is lightly wounded.
The jelly hits you but does no damage.
You hit the jelly.
Your hands burn!
The jelly is moderately wounded.
The jelly closely misses you.
You hit the jelly but do no damage.
Your hands burn!
The jelly is moderately wounded.
The jelly barely misses you.
You completely miss the jelly.
The jelly is moderately wounded.
The jelly hits you. The acid corrodes you!
You are splashed with acid!
* * * LOW HITPOINT WARNING * * *
You hit the jelly but do no damage.
Your hands burn!
* * * LOW HITPOINT WARNING * * *
The jelly is moderately wounded.
The jelly completely misses you.
You hit the jelly but do no damage.
Your hands burn!
You die...

#.# #.# #### #.# #....
#.# #... #### ##.#####
#..# ....##......# #..# #
............## #..# ...
#.###.......#####..##....
#.# ##.####...@Jw.......#
#.# #.# #######..##.#.
#.# #.# #........ #<# #.#
#.###.#.# ##.## #.# ...
.. ##...###.# ..# ..
#.#.#.##.# .###
##...#...# . ##.##.### .?


You could see a jelly and a dart slug.

Vanquished Creatures
  A worm (D:2)
  An endoplasm (D:1)
  2 giant cockroaches
  2 goblins (D:1)
  6 hobgoblins
  3 jackals (D:1)
  2 kobolds (D:1)
  2 bats (D:1)
  2 frilled lizards (D:1)
  2 rats (D:1)
  2 bushes (D:1)
25 creatures vanquished.

Vanquished Creatures (others)
  2 plants (D:1)
2 creatures vanquished.

Grand Total: 27 creatures vanquished

Notes
Turn   | Place    | Note
-------+----------+-------------------------------------------
     0 | D:1      | avis the Hill Orc Monk began the quest for the Orb.
     0 | D:1      | Reached XP level 1. HP: 19/19 MP: 1/1
   204 | D:1      | Found Tucsyz's Armour Emporium.
   215 | D:1      | Reached XP level 2. HP: 22/27 MP: 2/2
   399 | D:1      | Found a faded altar of an unknown god.
   955 | D:1      | Found Kappaz's Assorted Antiques.
   978 | D:1      | Reached skill level 5 in Axes
  1655 | D:2      | Found an ancient bone altar of Kikubaaqudgha.
  1683 | D:2      | Reached XP level 3. HP: 33/33 MP: 3/3
  2065 | D:2      | Splashed by a jelly's acid

Illustrated notes

Levels and vault maps discovered:
D:1:      sevenhm_arrival_forest_fort_small_3, layout_basic, serial_shops,
          shop_statue, shop, hellmonk_ecumenical_altar_zigzags
D:2:      layout_loops_ring, basic_altar, lexackson_kobold_supper

Skill      XL: |  1  2 |
---------------+-------+-----
Fighting       | 4 |  4.3
Axes           | 5 |  5.0
Dodging        | |  2.4
Stealth        | |  1.5

Action                   || total
-------------------------++-------
Melee: Hand axe          ||   485
       Punch             ||    15
 Stab: Sleeping          ||     2
Armor: Robe              ||     3
       Ring mail         ||    13
Dodge: Dodged            ||    35
